 Dungeon Crawl Stone Soup version 0.27-a0-1302-g7736ffe575 (webtiles) character file.

Game seed: 14863329287927999100

14335 27snakeeyes612 the Cleaver (level 11, 0/104 HPs)
             Began as a Minotaur Berserker on June 18, 2021.
             Was a High Priest of Trog.
             Slain by a vampire mosquito (3 damage)
             ... while petrified by a basilisk
             ... on level 12 of the Dungeon.
             The game lasted 00:09:08 (13011 turns).

27snakeeyes612 the Cleaver (Minotaur Berserker)    Turns: 13011, Time: 00:09:08

Health: 0/104      AC: 20    Str: 24    XL:     11   Next: 87%
Magic:  10/10      EV:  2    Int:  4    God:    Trog [*****.]
Gold:   1480       SH:  0    Dex: 11    Spells: 10/10 levels left

rFire    . . .     SeeInvis .   d - +3 war axe (vamp)
rCold    + . .     Faith    .   (no shield)
rNeg     + + +     Spirit   .   Q - +2 plate armour {rPois}
rPois    ∞         Reflect  .   (helmet restricted)
rElec    .         Harm     .   K - +0 cloak
rCorr    .         Rampage  .   (no gloves)
Will     .....                  e - +0 pair of boots
Stlth    ..........             (no amulet)
HPRegen  0.27/turn              l - ring of protection from cold
MPRegen  0.12/turn              w - ring of poison resistance

@: petrified
A: horns 2, retaliatory headbutt
a: Renounce Religion, Berserk, Trog's Hand, Brothers in Arms


You were on level 12 of the Dungeon.
You worshipped Trog.
Trog was extremely pleased with you.
You visited 1 branch of the dungeon, and saw 12 of its levels.
You also visited: Ossuary.

You collected 1480 gold pieces.

Inventory:

Hand Weapons
 a - a +1 hand axe
 d - a +3 vampiric war axe (weapon)
 D - a +2 whip of flaming
Missiles
 v - 6 curare-tipped darts
 B - 3 throwing nets
Armour
 b - a +0 animal skin
 c - a +0 ring mail
 e - a +0 pair of boots (worn)
 G - a +0 scale mail
 J - a +3 chain mail of fire resistance
 K - a +0 cloak (worn)
 Q - a +2 plate armour of poison resistance (worn)
Jewellery
 l - a ring of protection from cold (left hand)
 r - a +6 ring of dexterity
 w - a ring of poison resistance (right hand)
 C - a ring of ice
 O - a ring of flight
Wands
 i - a wand of polymorph (20)
 y - a wand of charming (8)
 I - a wand of mindburst (17) (quivered)
 L - a wand of iceblast (18)
 N - a wand of acid (3)
Scrolls
 g - 2 scrolls of enchant weapon
 h - 7 scrolls of magic mapping
 k - 2 scrolls of amnesia
 o - 4 scrolls of identify
 s - 3 scrolls of fog
 u - 6 scrolls of teleportation
 A - 2 scrolls of vulnerability {unknown}
 F - 4 scrolls of noise {unknown}
 H - 2 scrolls of blinking
 M - a scroll of holy word {unknown}
Potions
 f - 6 potions of curing
 j - 5 potions of degeneration
 m - 4 potions of heal wounds
 n - 2 potions of brilliance
 p - 2 potions of attraction
 q - 2 potions of invisibility
 t - 5 potions of magic
 x - 2 potions of flight
 z - a potion of cancellation
 E - a potion of haste
 P - a potion of ambrosia {unknown}


   Skills:
 + Level 11.8 Fighting
 + Level 12.3 Axes
 + Level 11.5 Armour
 + Level 10.5 Dodging
 - Level 0.6 Stealth


You had 10 spell levels left.
You didn't know any spells.
Your spell library was empty.

Dungeon Overview and Level Annotations

Branches:
Dungeon (12/15)            Temple (0/1) D:6            Lair (0/6) D:11
    Orc (0/2) D:9         Ossuary (visited)

Altars:
Fedhas
The Shining One

Shops:
D:1 :   D:3 *   D:10 *

Annotations:
D:7 4 runed translucent doors
D:12 Rupert


Innate Abilities, Weirdness & Mutations

You have a pair of horns on your head.
You reflexively headbutt those who attack you in melee.


Message History

The vampire mosquito completely misses you.
The vampire mosquito closely misses you.
You furiously retaliate!
You headbutt the vampire mosquito!
You have turned to stone.
The vampire mosquito bites you but does no damage.
The vampire mosquito bites you.
Rupert hits you with a +2 great sword of electrocution!!
The vampire mosquito bites you but does no damage.
The vampire mosquito bites you but does no damage.
Rupert hits you with a +2 great sword of electrocution.
The vampire mosquito bites you but does no damage.
The vampire mosquito barely misses you. The basilisk gazes at you.
Rupert hits you with a +2 great sword of electrocution!!
You are electrocuted!
The vampire mosquito bites you but does no damage.
The vampire mosquito bites you but does no damage. x2
Rupert hits you with a +2 great sword of electrocution!!
The vampire mosquito bites you but does no damage. x2
The vampire mosquito bites you but does no damage.
Rupert hits you with a +2 great sword of electrocution!
You are electrocuted!
* * * LOW HITPOINT WARNING * * *
The vampire mosquito completely misses you.
The basilisk gazes at you. The vampire mosquito bites you.
* * * LOW HITPOINT WARNING * * *
Rupert hits you with a +2 great sword of electrocution!
* * * LOW HITPOINT WARNING * * *
You are electrocuted!!
* * * LOW HITPOINT WARNING * * *
The vampire mosquito bites you.
* * * LOW HITPOINT WARNING * * *
The vampire mosquito bites you but does no damage. x2
Rupert hits you with a +2 great sword of electrocution!!
* * * LOW HITPOINT WARNING * * *
The basilisk gazes at you.
The vampire mosquito bites you but does no damage. x2
The vampire mosquito bites you.
You die...

.<.........#...........
..........##...........
......................#
...#)....##...........#.
#.##......#.............
...#........##..........
..........#####.........
..........##...y........
.....###.......@@.......
......##...#...yl.......
.......#...#.........)##
........................
....####...##.........##
..... #.... ##..........
.......... ........#..
.... ..... .........##.
... .... ......$


You could see Rupert (berserk), a basilisk and 2 vampire mosquitoes.

Vanquished Creatures
  2 hydras
  A boulder beetle (D:11)
  A centaur warrior (D:11)
  3 two-headed ogres (D:11)
  Urug (D:11)
  Sonja (D:12)
  Pikel (D:5)
  An ugly thing (D:11)
  A komodo dragon (D:11)
  A kobold demonologist (D:11)
  A troll (D:12)
  Grinder (D:3)
  2 wraiths
  Sigmund (D:2)
  3 shadows
  2 wyverns
  A human (D:9)
  Eustachio (D:4)
  Menkaure (D:4)
  Edmund (D:5)
  2 water moccasins
  Duvessa (D:5)
  A sky beast (D:7)
  Purgy (D:3)
  7 orc warriors
  3 ogres
  3 centaurs
  A phantom (D:7)
  4 lemures (D:5)
  3 kobold brigands (D:11)
  3 bullfrogs
  Blork the orc (D:5)
  Dowan (D:5)
  2 scorpions (D:5)
  A water moccasin zombie (D:5)
  2 wyvern skeletons
  10 killer bees
  17 wights
  3 centaur zombies
  A centaur skeleton (D:5)
  7 orc priests
  4 jellies
  Crazy Yiuf (D:5)
  3 bullfrog skeletons
  2 hounds
  Terence (D:3)
  2 iguanas
  4 orc wizards
  A killer bee zombie (D:6)
  A hound skeleton (D:5)
  4 mummies (Ossuary)
  2 howler monkey zombies
  Robin (D:4)
  4 adders
  11 gnolls
  A howler monkey skeleton (D:5)
  A shadow imp (D:8)
  2 white imps
  2 adder skeletons (D:4)
  29 orcs
  6 ball pythons
  3 bats
  4 endoplasms
  4 giant cockroaches
  2 gnoll zombies (Ossuary)
  14 goblins
  9 hobgoblins
  7 jackals
  14 kobolds
  5 quokkas
  A frilled lizard (D:2)
  3 gnoll skeletons (Ossuary)
  3 goblin skeletons (Ossuary)
  3 goblin zombies (Ossuary)
  4 hobgoblin skeletons (Ossuary)
  5 hobgoblin zombies (Ossuary)
  5 kobold skeletons (Ossuary)
  6 kobold zombies (Ossuary)
  5 orc skeletons (Ossuary)
  5 orc zombies (Ossuary)
  6 rats
  5 rat skeletons (Ossuary)
  4 rat zombies (Ossuary)
300 creatures vanquished.

Vanquished Creatures (collateral kills)
  A shadow imp (D:6)
1 creature vanquished.

Vanquished Creatures (others)
  20 plants (D:11)
20 creatures vanquished.

Grand Total: 321 creatures vanquished

Notes
Turn   | Place    | Note
-------+----------+-------------------------------------------
     0 | D:1      | 27snakeeyes612 the Minotaur Berserker began the quest for
                  | the Orb.
     0 | D:1      | Reached XP level 1. HP: 19/19 MP: 0/0
    80 | D:1      | Reached XP level 2. HP: 26/27 MP: 1/1
    82 | D:1      | Reached skill level 4 in Axes
   233 | D:1      | Found Ubraneum's Book Boutique.
   641 | D:2      | Reached XP level 3. HP: 32/33 MP: 2/2
   659 | D:2      | Found a blossoming altar of Fedhas.
   804 | D:2      | Reached ** piety under Trog
   899 | D:2      | Noticed Sigmund
   904 | D:2      | Killed Sigmund
   905 | D:2      | Reached skill level 5 in Axes
   905 | D:2      | Reached XP level 4. HP: 41/41 MP: 3/3
   905 | D:2      | Reached XP level 5. HP: 47/47 MP: 4/4
  1399 | D:3      | Noticed Grinder
  1399 | D:3      | Noticed Purgy
  1415 | D:3      | Killed Grinder
  1415 | D:3      | Killed Purgy
  1416 | D:3      | Reached skill level 5 in Fighting
  1416 | D:3      | Reached skill level 6 in Axes
  1416 | D:3      | Reached XP level 6. HP: 56/56 MP: 5/5
  1866 | D:3      | Reached XP level 7. HP: 61/61 MP: 6/6
  1925 | D:3      | Noticed Terence
  1941 | D:3      | Killed Terence
  2494 | D:3      | Found Yrghuwuh's Assorted Antiques.
  2566 | D:4      | Found a sand-covered staircase.
  2575 | Ossuary  | Entered an ossuary
  2674 | Ossuary  | Reached *** piety under Trog
  3006 | Ossuary  | Reached **** piety under Trog
  3050 | D:4      | Reached skill level 5 in Armour
  3139 | D:4      | Noticed Menkaure
  3146 | D:4      | Killed Menkaure
  3147 | D:4      | Reached skill level 7 in Axes
  3547 | D:4      | Noticed Eustachio
  3555 | D:4      | Killed Eustachio
  3669 | D:4      | Reached XP level 8. HP: 71/71 MP: 7/7
  3881 | D:4      | Reached skill level 5 in Dodging
  3885 | D:4      | Noticed Robin
  3905 | D:4      | Killed Robin
  4119 | D:5      | Entered Level 5 of the Dungeon
  4261 | D:5      | Reached skill level 8 in Axes
  4450 | D:5      | Noticed Blork the orc
  4496 | D:5      | Killed Blork the orc
  4668 | D:5      | Noticed Pikel
  5030 | D:5      | Noticed Duvessa
  5032 | D:5      | Noticed Dowan
  5043 | D:5      | Killed Duvessa
  5044 | D:5      | Killed Dowan
  5055 | D:5      | Reached XP level 9. HP: 48/80 MP: 8/8
  5293 | D:5      | Killed Pikel
  5294 | D:5      | Reached skill level 9 in Axes
  5413 | D:5      | Found a glowing golden altar of the Shining One.
  5566 | D:5      | Found a runed translucent door.
  5566 | D:5      | Noticed Edmund
  5595 | D:5      | Killed Edmund
  5596 | D:5      | Noticed Crazy Yiuf
  5850 | D:5      | Killed Crazy Yiuf
  6118 | D:6      | Identified a scroll of acquirement
  6118 | D:6      | Acquired a +3 vampiric war axe
  7230 | D:6      | Found a staircase to the Ecumenical Temple.
  7453 | D:7      | Found a huge runed translucent gate.
  7453 | D:7      | Found a huge runed translucent gate.
  7454 | D:7      | Found a huge runed translucent gate.
  7454 | D:7      | Noticed a polar bear
  7454 | D:7      | Noticed a polar bear
  7454 | D:7      | Noticed a polar bear
  7454 | D:7      | Noticed a polar bear
  7454 | D:7      | Noticed a polar bear
  7454 | D:7      | Noticed a polar bear
  7455 | D:7      | Noticed a polar bear
  7456 | D:7      | Found a huge runed translucent gate.
  7456 | D:7      | Noticed a polar bear
  7456 | D:7      | Noticed a death yak
  7622 | D:7      | Reached ***** piety under Trog
  8210 | D:8      | Reached XP level 10. HP: 86/91 MP: 9/9
  8253 | D:8      | Reached skill level 10 in Axes
  8819 | D:9      | Found a staircase to the Orcish Mines.
  9704 | D:10     | Entered Level 10 of the Dungeon
  9722 | D:10     | Reached skill level 10 in Fighting
 10125 | D:10     | Found the +3 hat of Pondering {ponderous, Will+ MP+10
                  | Int+5}
 10213 | D:10     | Reached skill level 10 in Armour
 10313 | D:10     | Found Japhah's Assorted Antiques.
 10420 | D:10     | Acquired 888 gold pieces
 10476 | D:11     | Noticed a two-headed ogre
 10485 | D:11     | Killed a two-headed ogre
 10486 | D:11     | Reached skill level 11 in Axes
 10494 | D:11     | Noticed a purple ugly thing
 10495 | D:11     | Noticed a centaur warrior
 10500 | D:11     | Killed a purple ugly thing
 10512 | D:11     | Killed a centaur warrior
 10513 | D:11     | Reached XP level 11. HP: 67/101 MP: 10/10
 10631 | D:11     | Noticed an eight-headed hydra
 10642 | D:11     | Killed an eight-headed hydra
 11116 | D:11     | Found a staircase to the Lair.
 11816 | D:11     | Noticed a two-headed ogre
 11826 | D:11     | Killed a two-headed ogre
 11870 | D:11     | Noticed a two-headed ogre
 11880 | D:11     | Killed a two-headed ogre
 11881 | D:11     | Reached skill level 10 in Dodging
 12157 | D:11     | Noticed Urug
 12173 | D:11     | Killed Urug
 12363 | D:11     | Found a blossoming altar of Fedhas.
 12410 | D:12     | Noticed a boulder beetle
 12416 | D:12     | Reached skill level 12 in Axes
 12445 | D:11     | Killed a boulder beetle
 12565 | D:12     | Noticed Sonja
 12577 | D:12     | Killed Sonja
 12804 | D:12     | Noticed a seven-headed hydra
 12817 | D:12     | Killed a seven-headed hydra
 12997 | D:12     | Noticed Rupert
 13000 | D:12     | Paralysed by Rupert for 3 turns
 13010 | D:12     | HP: 3/104 [Rupert (10)]
 13011 | D:12     | Slain by a vampire mosquito

Illustrated notes

Levels and vault maps discovered:
D:1:      dpeg_arrival_solitude, layout_basic, serial_shops,
          nicolae_shop_behind_doors, kennysheep_decorative_pillar
D:2:      layout_loops_ring, basic_altar, uniq_sigmund
D:3:      layout_basic, serial_shops, nicolae_shop_trees, uniq_terence,
          uniq_grinder, uniq_purgy
D:4:      layout_loops_corners, lightli_ossuary_entry_decrepit_ruins,
          uniq_robin, uniq_eustachio, uniq_menkaure
D:5:      layout_basic, lemuel_doored_altar, uniq_duvessa,
          uniq_crazy_yiuf_cottage, uniq_blork_the_orc, uniq_pikel, uniq_edmund
D:6:      minmay_skewed_foursquare, layout_loops_corners,
          minmay_temple_entry_nine_rooms
D:7:      lemuel_bear_cage, layout_basic, corexii_item_surrounded_by_moat
D:8:      layout_cave_pools
D:9:      layout_cave_pods, erik_orc_4
D:10:     layout_rooms, serial_shops, shop
D:11:     layout_basic, david_lair_shrubbed, fedhas_altar_4, uniq_urug
D:12:     layout_cave_pools, hangedman_incinerator, uniq_nergalle, uniq_maurice,
          uniq_jorgrun, uniq_sonja, uniq_rupert

Skill      XL: |  1  2  3  4  5  6  7  8  9 10 11 |
---------------+----------------------------------+-----
Axes           | 4 5 6 7 8 9 11 12 | 12.3
Fighting       | 4 5 6 7 9 10 11 | 11.8
Armour         | 3 4 5 7 8 10 11 | 11.5
Dodging        | 3 4 6 7 9 10 | 10.5
Stealth        | |  0.6

Action                   |  1- 3 |  4- 6 |  7- 9 | 10-12 || total
-------------------------+-------+-------+-------+-------++-------
Melee: Hand axe          |    68 |    51 |   330 |       ||   449
       Headbutt          |     6 |     6 |   115 |    57 ||   184
       War axe           |       |       |   106 |   253 ||   359
       Whip              |       |       |       |    19 ||    19
Invok: Berserk           |     1 |     2 |     9 |     6 ||    18
       Trog's Hand       |       |     1 |     4 |     2 ||     7
Evoke: Wand              |       |       |       |     3 ||     3
  Use: Potion            |       |       |     1 |       ||     1
       Scroll            |       |       |    19 |     1 ||    20
Armor: Ring mail         |    29 |    21 |    69 |       ||   119
       Chain mail        |       |       |    74 |   184 ||   258
       Scale mail        |       |       |     5 |       ||     5
       Plate armour      |       |       |       |    56 ||    56
Dodge: Dodged            |    44 |    23 |   262 |   217 ||   546

Table legend: (Time is in decaauts)
 A = Elapsed time spent in this place.
 B = Non-inter-level travel time spent in this place.
 C = Inter-level travel time spent in this place.
 D = Time resting spent in this place.
 E = Time spent auto-exploring this place.
 F = Levels seen in this place.
 G = Mean time per level.
                   A        B        C        D        E       F      G
               +--------+--------+--------+--------+--------+-----+--------+
         Total |  13154 |  12826 |    328 |    941 |  10204 |  13 | 1011.8 |
       Dungeon |  12689 |  12361 |    328 |    941 |   9938 |  12 | 1057.4 |
       Ossuary |    464 |    464 |      0 |      0 |    266 |   1 |  464.0 |
               +--------+--------+--------+--------+--------+-----+--------+

Top non-repeatable levels by time:
    D:11: 2057 daAuts
     D:5: 2015 daAuts
     D:6: 1222 daAuts
     D:3: 1216 daAuts
     D:4: 1126 daAuts
     D:9: 1061 daAuts
     D:7: 783 daAuts
    D:10: 735 daAuts
     D:2: 733 daAuts
     D:1: 633 daAuts
    D:12: 565 daAuts
     D:8: 538 daAuts
 Ossuary: 464 daAuts
